[ AOE2 MATCH · #484728245 ]
Team RMSpanish vs Vietnamese
[ REPLAY ANALYSIS · EXTRACTED FROM THE RECORDED GAME ]
Feudal
16:29
Castle
—
Imperial
—
| APM avg | 40.3 |
| APM peak | 73 |
| eAPM avg | 17.2 |
| Villagers / military | 40 / 1 |
Focus
⚔️ 11.5% · 🌾 88.5%
Militia ×1
Feudal
16:52
Castle
—
Imperial
—
| APM avg | 35.4 |
| APM peak | 97 |
| eAPM avg | 14.4 |
| Villagers / military | 39 / 0 |
Focus
⚔️ 24.5% · 🌾 75.5%
Fishing Ship ×14
Feudal
13:27
Castle
17:27
Imperial
—
| APM avg | 14.5 |
| APM peak | 45 |
| eAPM avg | 7.8 |
| Villagers / military | 42 / 2 |
Focus
⚔️ 7.4% · 🌾 92.6%
Scout Cavalry ×2
Feudal
14:26
Castle
—
Imperial
—
| APM avg | 26.0 |
| APM peak | 48 |
| eAPM avg | 12.0 |
| Villagers / military | 37 / 9 |
Focus
⚔️ 17.2% · 🌾 82.8%
Scout Cavalry ×6 · Spearman ×3
Feudal
13:34
Castle
19:59
Imperial
—
| APM avg | 26.6 |
| APM peak | 55 |
| eAPM avg | 7.7 |
| Villagers / military | 30 / 9 |
Focus
⚔️ 21.0% · 🌾 79.0%
Scout Cavalry ×6 · Cavalry Archer ×2 · Knight ×1
Feudal
12:47
Castle
—
Imperial
—
| APM avg | 31.7 |
| APM peak | 78 |
| eAPM avg | 17.8 |
| Villagers / military | 39 / 6 |
Focus
⚔️ 11.3% · 🌾 88.7%
Battering Ram ×6
Feudal
—
Castle
—
Imperial
—
| APM avg | 14.1 |
| APM peak | 35 |
| eAPM avg | 6.8 |
| Villagers / military | 35 / 0 |
Focus
⚔️ 5.8% · 🌾 94.2%
Feudal
15:49
Castle
20:09
Imperial
—
| APM avg | 12.9 |
| APM peak | 34 |
| eAPM avg | 7.7 |
| Villagers / military | 42 / 4 |
Focus
⚔️ 10.5% · 🌾 89.5%
Battle Elephant ×4
Match map
Initial resources + every placement click. Lines = walls · curves = elevation contours. ◆ gold · ⬟ stone · ● berries · ✦ relic · ◌ wall gap
Your base· Open — unwalled flank
biubiu's base· Open — unwalled flank
[GDL] Samuellh's base· Open — unwalled flank
[Baratos] Roler The Lag Bringer's base· Open — unwalled flank
Er Gouzi's base· Open — unwalled flank
[GDL] El Bromas's base· Open — unwalled flank
diegolink123's base· Open — unwalled flank
sergio-h-h's base· Open — unwalled flank
Smoothed initial terrain · ◌ = detected wall gap · hover for details
Inputs per minute
— HotChinz - - biubiu
Build order — HotChinz
67 actions detected in the replay
| 1:21 | Build | Town Center |
| 1:36 | Build | House |
| 3:07 | Build | House |
| 3:40 | Create | Villager (Male) |
| 3:40 | Create | Villager (Male) |
| 3:41 | Create | Villager (Male) |
| 3:41 | Create | Villager (Male) |
| 3:41 | Create | Villager (Male) |
| 4:53 | Create | Villager (Male) |
| 5:40 | Create | Villager (Male) |
| 5:40 | Create | Villager (Male) |
| 6:04 | Create | Villager (Male) |
| 6:04 | Create | Villager (Male) |
| 6:56 | Build | Lumber Camp |
| 7:09 | Create | Villager (Male) |
| 7:09 | Create | Villager (Male) |
| 7:13 | Research | Loom |
| 7:33 | Create | Villager (Male) |
| 7:33 | Create | Villager (Male) |
| 8:41 | Create | Villager (Male) |
| 8:41 | Create | Villager (Male) |
| 8:41 | Create | Villager (Male) |
| 8:42 | Create | Villager (Male) |
| 8:42 | Create | Villager (Male) |
| 8:42 | Create | Villager (Male) |
| 8:53 | Build | House |
| 8:56 | Create | Villager (Male) |
| 8:57 | Create | Villager (Male) |
| 9:00 | Create | Villager (Male) |
| 9:00 | Create | Villager (Male) |
| 9:25 | Build | Mill |
| 10:51 | Create | Villager (Male) |
| 10:52 | Create | Villager (Male) |
| 11:03 | Create | Villager (Male) |
| 11:22 | Create | Villager (Male) |
| 11:53 | Create | Villager (Male) |
| 12:05 | Build | House |
| 12:10 | Build | House |
| 12:31 | Create | Villager (Male) |
| 13:14 | Create | Villager (Male) |
| 14:04 | Build | Farm |
| 14:19 | Research | Feudal Age |
| 15:58 | Create | Villager (Male) |
| 16:29 | Age | Feudal Age |
| 16:32 | Build | Watch Tower |
| 16:45 | Create | Villager (Male) |
| 16:50 | Build | Barracks |
| 16:59 | Build | Farm |
| 17:01 | Build | Farm |
| 17:21 | Create | Villager (Male) |
| 18:25 | Build | Mill |
| 18:26 | Build | Farm |
| 18:26 | Build | Farm |
| 18:26 | Build | Farm |
| 18:26 | Build | Farm |
| 18:27 | Build | Farm |
| 18:27 | Build | Farm |
| 19:46 | Create | Militia |
| 20:06 | Create | Villager (Male) |
| 20:07 | Create | Villager (Male) |
| 20:07 | Create | Villager (Male) |
| 20:27 | Build | Farm |
| 20:35 | Build | Mining Camp |
| 20:41 | Build | Market |
| 20:50 | Create | Villager (Male) |
| 20:50 | Create | Villager (Male) |
| 20:50 | Create | Villager (Male) |
Build order — biubiu
86 actions detected in the replay
| 0:36 | Build | Town Center |
| 3:02 | Build | House |
| 3:26 | Create | Villager (Male) |
| 3:27 | Create | Villager (Male) |
| 3:27 | Create | Villager (Male) |
| 3:27 | Create | Villager (Male) |
| 3:27 | Create | Villager (Male) |
| 4:37 | Create | Villager (Male) |
| 5:17 | Create | Villager (Male) |
| 5:17 | Create | Villager (Male) |
| 5:17 | Create | Villager (Male) |
| 5:48 | Build | House |
| 5:50 | Create | Villager (Male) |
| 5:50 | Create | Villager (Male) |
| 6:11 | Create | Villager (Male) |
| 6:41 | Build | Lumber Camp |
| 6:49 | Build | House |
| 7:02 | Research | Loom |
| 7:28 | Create | Villager (Male) |
| 7:28 | Create | Villager (Male) |
| 7:29 | Create | Villager (Male) |
| 7:32 | Build | House |
| 8:21 | Create | Villager (Male) |
| 8:22 | Create | Villager (Male) |
| 8:28 | Build | Dock |
| 8:51 | Create | Villager (Male) |
| 8:51 | Create | Villager (Male) |
| 9:11 | Create | Fishing Ship |
| 9:32 | Create | Villager (Male) |
| 9:32 | Create | Villager (Male) |
| 9:50 | Create | Villager (Male) |
| 9:50 | Create | Villager (Male) |
| 9:50 | Create | Villager (Male) |
| 10:03 | Build | House |
| 10:11 | Create | Villager (Male) |
| 10:26 | Create | Villager (Male) |
| 10:27 | Create | Villager (Male) |
| 10:27 | Create | Villager (Male) |
| 10:39 | Build | House |
| 10:42 | Create | Fishing Ship |
| 10:42 | Create | Fishing Ship |
| 11:09 | Build | Palisade Wall |
| 11:10 | Build | Palisade Wall |
| 11:17 | Create | Villager (Male) |
| 11:22 | Create | Villager (Male) |
| 11:24 | Create | Fishing Ship |
| 11:42 | Build | House |
| 11:43 | Build | Palisade Wall |
| 11:47 | Create | Fishing Ship |
| 12:19 | Create | Fishing Ship |
| 12:24 | Build | House |
| 12:29 | Build | House |
| 12:42 | Create | Villager (Male) |
| 12:42 | Create | Villager (Male) |
| 12:59 | Build | House |
| 13:12 | Build | House |
| 13:26 | Build | House |
| 13:32 | Create | Villager (Male) |
| 13:32 | Create | Villager (Male) |
| 13:37 | Build | House |
| 13:47 | Build | House |
| 14:03 | Build | Dock |
| 14:21 | Create | Fishing Ship |
| 14:21 | Create | Fishing Ship |
| 14:26 | Build | Mill |
| 14:42 | Research | Feudal Age |
| 14:42 | Research | Feudal Age |
| 15:00 | Create | Fishing Ship |
| 15:01 | Create | Fishing Ship |
| 15:20 | Build | Barracks |
| 15:22 | Build | House |
| 15:41 | Create | Fishing Ship |
| 15:41 | Create | Fishing Ship |
| 15:51 | Build | House |
| 16:08 | Build | House |
| 16:35 | Build | House |
| 16:49 | Create | Villager (Male) |
| 16:52 | Age | Feudal Age |
| 17:22 | Create | Villager (Male) |
| 17:23 | Create | Villager (Male) |
| 17:46 | Create | Fishing Ship |
| 17:47 | Create | Fishing Ship |
| 17:52 | Build | Mining Camp |
| 17:58 | Build | Stable |
| 18:13 | Create | Villager (Male) |
| 18:33 | Create | Villager (Male) |
Build order — [GDL] Samuellh
78 actions detected in the replay
| 0:19 | Build | Town Center |
| 2:16 | Build | House |
| 2:39 | Create | Villager (Male) |
| 2:40 | Create | Villager (Male) |
| 2:40 | Create | Villager (Male) |
| 3:15 | Build | House |
| 3:27 | Create | Villager (Male) |
| 4:11 | Create | Villager (Male) |
| 4:35 | Build | Lumber Camp |
| 4:38 | Create | Villager (Male) |
| 5:03 | Create | Villager (Male) |
| 5:04 | Create | Villager (Male) |
| 6:17 | Create | Villager (Male) |
| 6:18 | Create | Villager (Male) |
| 6:18 | Create | Villager (Male) |
| 6:29 | Build | House |
| 7:01 | Create | Villager (Male) |
| 7:33 | Create | Villager (Male) |
| 7:33 | Create | Villager (Male) |
| 7:34 | Create | Villager (Male) |
| 7:34 | Create | Villager (Male) |
| 7:34 | Create | Villager (Male) |
| 7:41 | Build | House |
| 8:06 | Build | Mill |
| 8:50 | Create | Villager (Male) |
| 8:50 | Create | Villager (Male) |
| 9:58 | Create | Villager (Male) |
| 9:59 | Create | Villager (Male) |
| 11:17 | Research | Feudal Age |
| 12:42 | Build | House |
| 13:16 | Create | Villager (Male) |
| 13:16 | Create | Villager (Male) |
| 13:27 | Age | Feudal Age |
| 13:35 | Build | Market |
| 13:40 | Build | Blacksmith |
| 14:16 | Research | Loom |
| 14:28 | Build | Mining Camp |
| 14:47 | Research | Castle Age |
| 15:38 | Research | Double-Bit Axe |
| 16:24 | Build | Barracks |
| 17:27 | Age | Castle Age |
| 17:46 | Build | Town Center |
| 17:48 | Create | Villager (Male) |
| 17:48 | Create | Villager (Male) |
| 17:48 | Create | Villager (Male) |
| 17:48 | Create | Villager (Male) |
| 18:09 | Research | Bow Saw |
| 19:08 | Build | Town Center |
| 19:13 | Create | Villager (Male) |
| 19:13 | Create | Villager (Male) |
| 19:13 | Create | Villager (Male) |
| 19:14 | Create | Villager (Male) |
| 19:39 | Build | Stable |
| 20:04 | Create | Villager (Male) |
| 20:05 | Create | Villager (Male) |
| 20:05 | Create | Villager (Male) |
| 20:23 | Build | House |
| 20:29 | Create | Villager (Male) |
| 20:36 | Create | Villager (Male) |
| 20:46 | Create | Villager (Male) |
| 20:46 | Create | Villager (Male) |
| 20:47 | Create | Villager (Male) |
| 20:52 | Build | Farm |
| 20:52 | Build | Farm |
| 20:52 | Build | Farm |
| 20:53 | Build | Farm |
| 20:54 | Build | Farm |
| 20:55 | Build | Farm |
| 21:19 | Create | Scout Cavalry |
| 21:20 | Create | Scout Cavalry |
| 21:34 | Create | Villager (Male) |
| 21:39 | Create | Villager (Male) |
| 21:39 | Create | Villager (Male) |
| 21:45 | Build | Farm |
| 21:46 | Build | Farm |
| 21:46 | Build | Farm |
| 21:46 | Build | Farm |
| 21:46 | Build | Farm |
Build order — [Baratos] Roler The Lag Bringer
80 actions detected in the replay
| 1:05 | Build | Town Center |
| 1:33 | Build | House |
| 3:31 | Create | Villager (Male) |
| 3:32 | Create | Villager (Male) |
| 3:32 | Create | Villager (Male) |
| 3:32 | Create | Villager (Male) |
| 3:32 | Create | Villager (Male) |
| 4:41 | Create | Villager (Male) |
| 5:19 | Create | Villager (Male) |
| 5:19 | Create | Villager (Male) |
| 5:44 | Create | Villager (Male) |
| 5:44 | Create | Villager (Male) |
| 6:43 | Build | Mill |
| 6:54 | Create | Villager (Male) |
| 6:54 | Create | Villager (Male) |
| 6:54 | Create | Villager (Male) |
| 6:54 | Create | Villager (Male) |
| 6:54 | Create | Villager (Male) |
| 6:58 | Build | House |
| 7:19 | Create | Villager (Male) |
| 7:30 | Build | House |
| 8:00 | Create | Villager (Male) |
| 8:35 | Create | Villager (Male) |
| 8:35 | Create | Villager (Male) |
| 8:36 | Create | Villager (Male) |
| 8:36 | Create | Villager (Male) |
| 9:27 | Create | Villager (Male) |
| 9:27 | Create | Villager (Male) |
| 10:01 | Build | House |
| 10:03 | Build | House |
| 10:48 | Build | Barracks |
| 11:00 | Create | Villager (Male) |
| 11:41 | Create | Villager (Male) |
| 12:04 | Research | Feudal Age |
| 12:51 | Build | House |
| 13:14 | Build | Mining Camp |
| 14:15 | Create | Villager (Male) |
| 14:26 | Age | Feudal Age |
| 14:35 | Build | Stable |
| 14:43 | Create | Villager (Male) |
| 14:56 | Build | Blacksmith |
| 15:21 | Create | Villager (Male) |
| 15:25 | Create | Scout Cavalry |
| 15:25 | Create | Scout Cavalry |
| 15:31 | Build | House |
| 15:32 | Build | House |
| 15:36 | Build | House |
| 15:41 | Create | Scout Cavalry |
| 15:57 | Build | Mill |
| 16:07 | Research | Bloodlines |
| 16:23 | Build | Lumber Camp |
| 16:27 | Create | Villager (Male) |
| 16:55 | Research | Loom |
| 17:03 | Create | Spearman |
| 17:25 | Create | Scout Cavalry |
| 17:51 | Create | Scout Cavalry |
| 17:52 | Create | Spearman |
| 18:04 | Create | Scout Cavalry |
| 18:06 | Create | Villager (Male) |
| 18:06 | Create | Villager (Male) |
| 18:08 | Build | Farm |
| 18:09 | Build | Farm |
| 18:26 | Create | Spearman |
| 18:39 | Build | Farm |
| 18:40 | Build | Farm |
| 18:40 | Build | Farm |
| 18:40 | Build | Farm |
| 18:41 | Create | Villager (Male) |
| 18:46 | Build | House |
| 19:00 | Create | Villager (Male) |
| 19:23 | Create | Villager (Male) |
| 19:24 | Create | Villager (Male) |
| 19:49 | Create | Villager (Male) |
| 20:21 | Build | Farm |
| 20:21 | Build | Farm |
| 20:21 | Build | Farm |
| 20:21 | Build | Farm |
| 20:22 | Build | Farm |
| 21:36 | Create | Villager (Male) |
| 21:49 | Build | Farm |
Build order — Er Gouzi
55 actions detected in the replay
| 1:05 | Build | Town Center |
| 1:16 | Build | Lumber Camp |
| 3:16 | Create | Villager (Male) |
| 3:17 | Create | Villager (Male) |
| 3:17 | Create | Villager (Male) |
| 3:17 | Create | Villager (Male) |
| 3:17 | Create | Villager (Male) |
| 3:18 | Create | Villager (Male) |
| 4:22 | Create | Villager (Male) |
| 4:58 | Create | Villager (Male) |
| 5:14 | Create | Villager (Male) |
| 5:42 | Research | Loom |
| 5:43 | Create | Villager (Male) |
| 6:04 | Create | Villager (Male) |
| 7:08 | Create | Villager (Male) |
| 7:26 | Create | Villager (Male) |
| 7:27 | Create | Villager (Male) |
| 7:58 | Build | Lumber Camp |
| 8:10 | Create | Villager (Male) |
| 8:43 | Create | Villager (Male) |
| 8:56 | Create | Villager (Male) |
| 9:08 | Create | Villager (Male) |
| 9:32 | Create | Villager (Male) |
| 9:44 | Create | Villager (Male) |
| 10:13 | Build | Mill |
| 10:59 | Create | Villager (Male) |
| 11:17 | Research | Feudal Age |
| 11:21 | Build | Barracks |
| 12:40 | Build | Mining Camp |
| 12:50 | Create | Villager (Male) |
| 12:51 | Create | Villager (Male) |
| 13:34 | Age | Feudal Age |
| 13:36 | Build | Stable |
| 13:41 | Create | Villager (Male) |
| 14:12 | Create | Scout Cavalry |
| 14:13 | Create | Scout Cavalry |
| 14:46 | Build | Market |
| 14:50 | Create | Villager (Male) |
| 15:11 | Create | Scout Cavalry |
| 15:29 | Create | Villager (Male) |
| 15:49 | Create | Scout Cavalry |
| 15:51 | Create | Villager (Male) |
| 16:06 | Create | Villager (Male) |
| 17:19 | Research | Castle Age |
| 17:21 | Create | Scout Cavalry |
| 17:21 | Create | Scout Cavalry |
| 17:29 | Build | Archery Range |
| 18:20 | Research | Wheelbarrow |
| 18:44 | Build | Archery Range |
| 19:59 | Age | Castle Age |
| 20:03 | Create | Knight |
| 20:19 | Create | Cavalry Archer |
| 20:19 | Create | Cavalry Archer |
| 20:25 | Create | Villager (Male) |
| 20:26 | Create | Villager (Male) |
Build order — [GDL] El Bromas
72 actions detected in the replay
| 0:34 | Build | Town Center |
| 2:33 | Build | House |
| 2:36 | Create | Villager (Male) |
| 2:37 | Create | Villager (Male) |
| 2:37 | Create | Villager (Male) |
| 2:55 | Create | Villager (Male) |
| 3:49 | Create | Villager (Male) |
| 4:40 | Create | Villager (Male) |
| 4:40 | Create | Villager (Male) |
| 5:08 | Create | Villager (Male) |
| 5:14 | Build | Lumber Camp |
| 5:42 | Research | Loom |
| 5:47 | Build | House |
| 6:15 | Build | House |
| 6:21 | Create | Villager (Male) |
| 6:21 | Create | Villager (Male) |
| 6:21 | Create | Villager (Male) |
| 6:38 | Create | Villager (Male) |
| 6:38 | Create | Villager (Male) |
| 6:39 | Create | Villager (Male) |
| 7:11 | Create | Villager (Male) |
| 7:49 | Build | House |
| 7:50 | Build | House |
| 8:02 | Build | House |
| 8:16 | Build | House |
| 8:30 | Create | Villager (Male) |
| 8:41 | Create | Villager (Male) |
| 8:41 | Create | Villager (Male) |
| 8:41 | Create | Villager (Male) |
| 9:28 | Build | Mining Camp |
| 10:12 | Create | Villager (Male) |
| 10:28 | Research | Feudal Age |
| 11:37 | Build | Palisade Gate |
| 12:11 | Build | House |
| 12:25 | Create | Villager (Male) |
| 12:25 | Create | Villager (Male) |
| 12:25 | Create | Villager (Male) |
| 12:47 | Age | Feudal Age |
| 12:49 | Build | Blacksmith |
| 12:59 | Build | Watch Tower |
| 13:03 | Research | Town Watch |
| 13:37 | Research | Fletching |
| 13:49 | Build | Siege Workshop |
| 14:13 | Create | Villager (Male) |
| 14:13 | Create | Villager (Male) |
| 14:28 | Build | House |
| 14:36 | Build | Watch Tower |
| 15:37 | Create | Villager (Male) |
| 15:38 | Create | Villager (Male) |
| 15:45 | Create | Battering Ram |
| 15:45 | Create | Battering Ram |
| 15:45 | Create | Battering Ram |
| 16:33 | Create | Villager (Male) |
| 16:33 | Create | Villager (Male) |
| 16:44 | Build | Mill |
| 17:52 | Create | Villager (Male) |
| 17:52 | Create | Villager (Male) |
| 17:52 | Create | Villager (Male) |
| 18:27 | Create | Villager (Male) |
| 18:51 | Build | House |
| 19:44 | Create | Villager (Male) |
| 19:44 | Create | Villager (Male) |
| 19:44 | Create | Villager (Male) |
| 19:52 | Build | Mill |
| 19:56 | Create | Battering Ram |
| 20:18 | Create | Battering Ram |
| 20:26 | Create | Villager (Male) |
| 20:26 | Create | Villager (Male) |
| 20:27 | Create | Villager (Male) |
| 20:38 | Build | Town Center |
| 20:54 | Create | Battering Ram |
| 21:49 | Build | Market |
Build order — diegolink123
68 actions detected in the replay
| 0:38 | Build | Town Center |
| 2:33 | Create | Villager (Male) |
| 2:33 | Create | Villager (Male) |
| 2:48 | Build | House |
| 3:14 | Create | Villager (Male) |
| 3:15 | Create | Villager (Male) |
| 3:43 | Create | Villager (Male) |
| 4:35 | Create | Villager (Male) |
| 4:48 | Build | House |
| 5:01 | Create | Villager (Male) |
| 5:02 | Create | Villager (Male) |
| 5:28 | Create | Villager (Male) |
| 5:28 | Create | Villager (Male) |
| 5:44 | Create | Villager (Male) |
| 5:51 | Build | House |
| 6:32 | Create | Villager (Male) |
| 6:32 | Create | Villager (Male) |
| 6:32 | Create | Villager (Male) |
| 6:58 | Research | Loom |
| 7:19 | Build | House |
| 7:27 | Create | Villager (Male) |
| 7:31 | Create | Villager (Male) |
| 7:44 | Create | Villager (Male) |
| 7:55 | Build | Mill |
| 8:00 | Create | Villager (Male) |
| 8:04 | Build | House |
| 9:01 | Create | Villager (Male) |
| 9:29 | Create | Villager (Male) |
| 9:29 | Create | Villager (Male) |
| 9:36 | Build | Farm |
| 9:38 | Build | Farm |
| 9:40 | Build | Farm |
| 9:42 | Create | Villager (Male) |
| 10:52 | Create | Villager (Male) |
| 11:02 | Create | Villager (Male) |
| 11:03 | Create | Villager (Male) |
| 11:03 | Create | Villager (Male) |
| 11:03 | Create | Villager (Male) |
| 11:34 | Create | Villager (Male) |
| 11:40 | Build | Farm |
| 11:42 | Build | Farm |
| 11:44 | Build | Farm |
| 11:45 | Build | Farm |
| 11:59 | Create | Villager (Male) |
| 12:02 | Build | Mining Camp |
| 12:28 | Create | Villager (Male) |
| 12:34 | Build | Farm |
| 12:37 | Build | Farm |
| 12:39 | Build | Farm |
| 12:41 | Build | Farm |
| 12:47 | Create | Villager (Male) |
| 12:52 | Build | House |
| 13:48 | Build | Mining Camp |
| 13:50 | Create | Villager (Male) |
| 14:14 | Research | Feudal Age |
| 16:27 | Build | Blacksmith |
| 16:29 | Build | Market |
| 16:33 | Create | Villager (Male) |
| 17:02 | Create | Villager (Male) |
| 17:22 | Research | Castle Age |
| 17:30 | Build | Lumber Camp |
| 17:40 | Research | Horse Collar |
| 17:49 | Research | Double-Bit Axe |
| 17:54 | Research | Stone Mining |
| 17:59 | Research | Gold Mining |
| 20:10 | Research | Wheelbarrow |
| 20:27 | Build | Castle |
| 20:32 | Create | Villager (Male) |
Build order — sergio-h-h
60 actions detected in the replay
| 0:49 | Build | Town Center |
| 3:04 | Build | House |
| 3:05 | Build | House |
| 3:06 | Build | House |
| 3:14 | Create | Villager (Male) ×4 |
| 3:14 | Create | Villager (Male) ×4 |
| 3:36 | Build | House |
| 3:37 | Build | House |
| 4:27 | Create | Villager (Male) |
| 5:07 | Research | Loom |
| 5:13 | Create | Villager (Male) |
| 5:34 | Create | Villager (Male) |
| 6:31 | Create | Villager (Male) ×2 |
| 6:32 | Create | Villager (Male) |
| 7:16 | Create | Villager (Male) |
| 7:56 | Create | Villager (Male) ×4 |
| 7:57 | Create | Villager (Male) |
| 8:31 | Create | Villager (Male) |
| 9:01 | Create | Villager (Male) |
| 9:08 | Create | Villager (Male) |
| 9:37 | Build | Mining Camp |
| 10:47 | Build | Mill |
| 11:19 | Create | Villager (Male) |
| 11:20 | Create | Villager (Male) |
| 11:22 | Create | Villager (Male) |
| 12:49 | Create | Villager (Male) |
| 13:12 | Create | Villager (Male) |
| 13:38 | Research | Feudal Age |
| 13:38 | Research | Feudal Age |
| 14:02 | Build | House |
| 14:03 | Build | House |
| 14:21 | Build | Mill |
| 14:24 | Create | Villager (Male) ×5 |
| 15:49 | Age | Feudal Age |
| 16:09 | Build | Blacksmith |
| 16:20 | Build | Market |
| 16:21 | Create | Villager (Male) |
| 16:22 | Create | Villager (Male) |
| 17:07 | Research | Castle Age |
| 17:19 | Build | Lumber Camp |
| 17:26 | Build | Lumber Camp |
| 17:37 | Build | Mill |
| 17:46 | Build | House |
| 17:47 | Build | House |
| 17:50 | Create | Villager (Male) |
| 17:53 | Create | Villager (Male) |
| 17:55 | Create | Villager (Male) |
| 18:12 | Build | Barracks |
| 18:19 | Research | Double-Bit Axe |
| 18:21 | Create | Villager (Male) |
| 19:08 | Build | Stable |
| 20:09 | Age | Castle Age |
| 20:12 | Create | Villager (Male) |
| 20:45 | Create | Battle Elephant ×2 |
| 20:45 | Create | Battle Elephant ×2 |
| 20:59 | Build | Town Center |
| 21:33 | Create | Villager (Male) |
| 21:35 | Create | Villager (Male) |
| 21:42 | Research | Gold Mining |
| 21:53 | Research | Scale Barding Armor |
Match timeline
| 8:28 | biubiu · first_building Dock |
| 10:48 | [Baratos] Roler The Lag Bringer · first_building Barracks |
| 11:09 | biubiu · wall_segment Palisade Wall x1 |
| 11:10 | biubiu · wall_segment Palisade Wall x1 |
| 11:21 | Er Gouzi · first_building Barracks |
| 11:43 | biubiu · wall_segment Palisade Wall x1 |
| 12:47 | [GDL] El Bromas · age_up feudal |
| 13:27 | [GDL] Samuellh · age_up feudal |
| 13:34 | Er Gouzi · age_up feudal |
| 13:36 | Er Gouzi · first_building Stable |
| 13:49 | [GDL] El Bromas · first_building Siege Workshop |
| 14:26 | [Baratos] Roler The Lag Bringer · age_up feudal |
| 14:35 | [Baratos] Roler The Lag Bringer · first_building Stable |
| 15:20 | biubiu · first_building Barracks |
| 15:49 | sergio-h-h · age_up feudal |
| 16:24 | [GDL] Samuellh · first_building Barracks |
| 16:29 | HotChinz · age_up feudal |
| 16:50 | HotChinz · first_building Barracks |
| 16:52 | biubiu · age_up feudal |
| 17:27 | [GDL] Samuellh · age_up castle |
| 17:29 | Er Gouzi · first_building Archery Range |
| 17:40 | [GDL] Samuellh · first_market_buy 100 wood |
| 17:58 | biubiu · first_building Stable |
| 18:12 | sergio-h-h · first_building Barracks |
| 18:59 | [GDL] Samuellh · first_market_sell 100 stone |
| 19:08 | sergio-h-h · first_building Stable |
| 19:39 | [GDL] Samuellh · first_building Stable |
| 19:59 | Er Gouzi · age_up castle |
| 20:09 | sergio-h-h · age_up castle |
| 20:27 | diegolink123 · first_building Castle |
| 20:35 | biubiu · resign |
[ AI ANALYSIS · 1 CREDIT ]
What really happened in this match?
Wolo.gg analyzes every decision: build order, eco, micro, common mistakes by bracket. Personalized analysis on WhatsApp or Discord in 30 seconds.
Civ guide
Spanish
Map guide
African Clearing
Perfil
Jugador #29940